 Dungeon Crawl Stone Soup version 0.30-a0-1114-gd936c97349 (webtiles) character file.

Game seed: 4053629399852435754

68 NateTC the Trooper (level 4, -3/41 HPs)
             Began as a Hill Orc Fighter on Apr 20, 2023.
             Slain by a cerulean imp
             ... wielding a +1 spear
             ... summoned by Natasha
              (4 damage)
             ... on level 2 of the Dungeon.
             The game lasted 00:01:46 (1707 turns).

NateTC the Trooper (Hill Orc Fighter)               Turns: 1707, Time: 00:01:46

Health: -3/41      AC:  6    Str: 20    XL:     4   Next: 19%
Magic:  4/4        EV:  9    Int:  8    God:
Gold:   91         SH:  4    Dex: 10    Spells: 3/3 levels left

rFire   . . .      SeeInvis .    a - +0 war axe
rCold   . . .      Faith    .    c - +0 buckler
rNeg    . . .      Spirit   .    b - +0 scale mail
rPois   .          Reflect  .    (no helmet)
rElec   .          Rampage  .    (no cloak)
rCorr   .                        (no gloves)
Will    .....                    (no boots) Stlth
                                 (no amulet)
HPRegen 0.26/turn                (no ring)
MPRegen 0.09/turn                (no ring)

@: slowed, very slow
A: no striking features
a: no special abilities


You were on level 2 of the Dungeon.
You visited 1 branch of the dungeon, and saw 2 of its levels.

You collected 91 gold pieces.

Inventory:

Hand Weapons
 a - a +0 war axe (weapon)
Armour
 b - a +0 scale mail (worn)
 c - a +0 buckler (worn)
Wands
 j - a wand of light (4)
Scrolls
 f - 2 scrolls of fog {unknown}
 g - a scroll of brand weapon {unknown}
 i - a scroll of blinking {unknown}
Potions
 d - 3 potions of might
 e - a potion of flight {unknown}
 h - a potion of lignification {unknown}


   Skills:
 * Level 4.5 Fighting
 * Level 4.0 Axes
 - Level 3.2 Armour
 * Level 4.1 Shields


You had 3 spell levels left.
You didn't know any spells.
Your spell library was empty.

Dungeon Overview and Level Annotations

Branches:
Dungeon (2/15) Zot: 10243

Altars:

Shops:
D:1 *

Annotations:
D:2 Natasha


Message History

You hit Natasha.
Natasha is almost dead.
Natasha claws you. Natasha barely misses you.
You closely miss Natasha.
Natasha is almost dead.
Natasha casts a spell at you. The magic dart hits you.
* * * LOW HITPOINT WARNING * * *
You block Natasha's attack.
You closely miss Natasha.
Natasha is almost dead.
Natasha barely misses you. You block Natasha's attack.
You closely miss Natasha.
Natasha is almost dead.
Natasha claws you.
* * * LOW HITPOINT WARNING * * *
Natasha mumbles some strange words.
You closely miss Natasha.
Natasha is almost dead.
You closely miss the cerulean imp. The cerulean imp closely misses you.
Natasha completely misses you.
You barely miss Natasha.
Natasha is almost dead.
You miss the cerulean imp. You block Natasha's attack.
The cerulean imp barely misses you.
Natasha stares at you and mumbles some strange words.
The magic dart hits you.
* * * LOW HITPOINT WARNING * * *
The cerulean imp hits you with a +1 spear.
* * * LOW HITPOINT WARNING * * *
You hit Natasha but do no damage.
Natasha is almost dead.
You hit the cerulean imp but do no damage.
The cerulean imp hits you but does no damage.
Natasha stares at you and mumbles some strange words.
You feel as though you will be slow longer.
Natasha claws you.
* * * LOW HITPOINT WARNING * * *
The cerulean imp hits you with a +1 spear.
You die...

# #.####..##.# #
#..# .# # #..# .# #
#.†##.# # #.....# #
####.##..#
########.#....##..#
##...............5#
.#.#####.#.#####@.#
...# ........h<#
.### ##.#####..#
...####### #..#
##........ #..#
######### #.#. .###
#


You could see Natasha and a cerulean imp (summoned).

Vanquished Creatures
  5 dart slugs
  4 endoplasms
  A giant cockroach (D:1)
  3 goblins
  7 hobgoblins
  4 jackals (D:1)
  7 quokkas
  5 ball pythons
  5 bats (D:1)
  A frilled lizard (D:1)
  6 kobolds
  2 rats (D:1)
50 creatures vanquished.

Notes
Turn   | Place    | Note
-------+----------+-------------------------------------------
     0 | D:1      | NateTC the Hill Orc Fighter began the quest for the Orb.
     0 | D:1      | Reached XP level 1. HP: 19/19 MP: 1/1
    70 | D:1      | Found a large runed translucent door.
    70 | D:1      | Found a large runed translucent door.
   154 | D:1      | Reached XP level 2. HP: 27/27 MP: 2/2
   167 | D:1      | Reached XP level 3. HP: 11/33 MP: 3/3
   304 | D:1      | Found Dut Rugu's Assorted Antiques.
  1158 | D:1      | Found a faded altar of an unknown god.
  1158 | D:1      | Noticed a red devil
  1500 | D:2      | Reached XP level 4. HP: 31/41 MP: 4/4
  1693 | D:2      | Noticed Natasha
  1707 | D:2      | HP: 1/41 [Natasha (4)]
  1707 | D:2      | Slain by a cerulean imp

Illustrated notes

Levels and vault maps discovered:
D:1:      erik_arrival_cave_to_civilisation [erik_arrival_cave_to_temple],
          layout_basic, dreamdust_ecumenical_altar_sealed_demon, serial_shops,
          shop
D:2:      layout_loops_ring, uniq_natasha

Skill      XL: |  1  2  3  4 |
---------------+-------------+-----
Axes           | 3 4 |  4.0
Fighting       | 4 |  4.5
Shields        | 4 |  4.1
Armour         | |  3.2

Action                     |  1- 3 |  4- 6 || total
---------------------------+-------+-------++-------
  Melee: War axe           |    88 |    24 ||   112
    Use: Scroll            |     2 |       ||     2
 Armour: Scale mail        |    55 |     6 ||    61
  Dodge: Dodged            |    63 |    11 ||    74
  Block: Buckler           |    24 |     7 ||    31

Table legend: (Time is in decaauts)
 A = Elapsed time spent in this place.
 B = Non-inter-level travel time spent in this place.
 C = Inter-level travel time spent in this place.
 D = Time resting spent in this place.
 E = Time spent auto-exploring this place.
 F = Levels seen in this place.
 G = Mean time per level.
                   A        B        C        D        E       F      G
               +--------+--------+--------+--------+--------+-----+--------+
         Total |   1754 |   1740 |     14 |    141 |   1315 |   2 |  877.0 |
       Dungeon |   1754 |   1740 |     14 |    141 |   1315 |   2 |  877.0 |
               +--------+--------+--------+--------+--------+-----+--------+

Top non-repeatable levels by time:
     D:1: 1360 daAuts
     D:2: 394 daAuts
